 Dungeon Crawl Stone Soup version 0.31-a0-1603-gbec6b6ccbf (webtiles) character file.

Game seed: 9201765595965236420

57039 timneilson the Grappler (level 14, -4/102 HPs)
             Began as an Octopode Shapeshifter on Jan 8, 2024.
             Was an Initiate of Gozag.
             Slain by Rupert
             ... wielding a +4 great mace of pain
              (47 damage)
             ... on level 4 of the Lair of Beasts.
             The game lasted 01:04:17 (20508 turns).

timneilson the Grappler (Octopode Shapeshifter)    Turns: 20508, Time: 01:04:18

Health: -4/102     AC:  2    Str: 27    XL:     14   Next: 84%
Magic:  23/23      EV: 28    Int: 21    God:    Gozag
Gold:   2133       SH:  5    Dex: 22    Spells: 13/13 levels left

rFire   + .          .
                       - Unarmed
rCold   + . .        (shield currently unavailable)
rNeg    . . .        D - +1 hat {Stlth+}
rPois   +            l - amulet of reflection
rElec   .            i - +6 ring of dexterity
rCorr   .            m - ring of Hugysi {rF- EV+5 Dex+3 Slay+5}
SInv    .            C - ring of willpower
Will    ++...        P - ring "Qunadauz" {+Blink Str+6}
Stlth   +++++++      I - ring of protection from fire
HPRegen 0.37/turn    G - ring of Ylliumae {rF+ Str+4 Int+3}
MPRegen 0.18/turn    Q - ring of the Greedy {rPois MP+9 Int+6}
                     U - ring of protection from cold

%: reflection
@: mighty, blade tentacles
A: almost no armour, amphibious, 8 rings, camouflage 1, gelatinous body 1,
(nimble swimmer 1), tentacles
a: Begin Untransformation, Renounce Religion, Evoke Blink, Potion Petition, Call
Merchant, Bribe Branch


You were on level 4 of the Lair of Beasts.
You worshipped Gozag.
Gozag was most pleased with you.
You had blades for main tentacles.
You visited 3 branches of the dungeon, and saw 18 of its levels.
You also visited: Ossuary, Bailey and Ice Cave.

You collected 4740 gold pieces.
You spent 2296 gold pieces at shops.
You paid 311 gold pieces to Gozag.

Inventory:

Missiles
 u - 2 throwing nets
Armour
 D - a +1 hat of stealth (worn)
 N - a +0 kite shield
Jewellery
 d - an amulet of regeneration
 i - a +6 ring of dexterity (left blade tentacle)
 l - an amulet of reflection (around mantle)
 m - the ring of Hugysi (right blade tentacle) {rF- EV+5 Dex+3 Slay+5}
   (You found it on level 3 of the Dungeon)

   [ring of evasion]

   EV+5:      It affects your evasion (+5).
   Dex+3:     It affects your dexterity (+3).
   Slay+5:    It affects your accuracy & damage with ranged weapons and melee
   (+5).
   rF-:       It makes you vulnerable to fire.
 C - a ring of willpower (on tentacle)
 F - a ring of flight
 G - the ring of Ylliumae (on tentacle) {rF+ Str+4 Int+3}
   (You bought it in a shop on level 2 of the Dungeon)

   [ring of protection from fire]

   Str+4:     It affects your strength (+4).
   Int+3:     It affects your intelligence (+3).
   rF+:       It protects you from fire.
 I - a ring of protection from fire (on tentacle)
 P - the ring "Qunadauz" (on tentacle) {+Blink Str+6}
   (You found it in an ice cave)

   [ring of strength]

   Str+6:     It affects your strength (+6).
   +Blink:    It lets you blink.
 Q - the ring of the Greedy (on tentacle) {rPois MP+9 Int+6}
   (You bought it in a shop on level 2 of the Dungeon)

   [ring of intelligence]

   Int+6:     It affects your intelligence (+6).
   rPois:     It protects you from poison MP+9: It affects your magic capacity
   (+9).
 S - a ring of willpower
 U - a ring of protection from cold (on tentacle)
 Y - the ring "Japlun" {rC+ Str+2}
   (You found it in an ice cave)

   [ring of protection from cold]

   Str+2:     It affects your strength (+2).
   rC+:       It protects you from cold.
 Z - the ring "Unuosm" {Ice rPois Int+3 Stlth-}
   (You found it in an ice cave)

   [ring of ice]

   Ice:       It enhances your ice magic.
   Int+3:     It affects your intelligence (+3).
   rF-:       It makes you vulnerable to fire.
   rC+:       It protects you from cold.
   rPois:     It protects you from poison Stlth-: It makes you less stealthy.
Talismans
 b - a beast talisman
 c - a flux talisman
 o - a serpent talisman
 w - a blade talisman (active)
 E - a talisman of death
Wands
 z - a wand of quicksilver (5)
 A - a wand of flame (21)
 B - a wand of digging (1)
 K - a wand of charming (5)
 L - a wand of polymorph (5)
 W - a wand of roots (3)
 X - a wand of mindburst (3)
Scrolls
 k - a scroll of enchant armour
 n - 3 scrolls of fog
 p - 3 scrolls of torment
 s - 4 scrolls of teleportation
 y - 3 scrolls of silence
 H - 3 scrolls of fear
 J - a scroll of brand weapon
 M - 4 scrolls of vulnerability
 T - 2 scrolls of identify
 V - a scroll of amnesia
Potions
 a - 5 potions of lignification
 e - 5 potions of mutation
 f - 11 potions of curing
 h - 3 potions of ambrosia
 j - 2 potions of berserk rage
 q - 2 potions of resistance
 r - 2 potions of attraction
 t - 2 potions of haste
 v - 4 potions of brilliance
 x - a potion of heal wounds
 O - a potion of invisibility {unknown}
Miscellaneous
 R - a phial of floods


   Skills:
 * Level 11.9 Fighting
 * Level 12.1 Dodging
 + Level 9.1 Stealth
 * Level 12.2 Unarmed Combat
 + Level 9.6 Evocations
 * Level 11.4 Shapeshifting


You had 13 spell levels left.
You didn't know any spells.
Your spell library contained the following spells:

 Spells                   Type           Power      Damage    Failure   Level
 Freeze                   Ice            0%         1d3       19%         1
 Kiss of Death            Conj/Necr      0%         2d5       19%         1
 Necrotise                Necr           0%         1d4       19%         1
 Sandblast                Erth           0%         2d4       19%         1
 Mercury Vapours          Alch/Air       0%         N/A       26%         2
 Scorch                   Fire           0%         2d5       26%         2
 Dazzling Flash           Conj/Hex       0%         N/A       47%         3
 Frozen Ramparts          Ice            0%         1d1       47%         3
 Mephitic Cloud           Conj/Alch/Air  0%         N/A       47%         3
 Passwall                 Erth           0%         N/A       47%         3
 Stone Arrow              Conj/Erth      0%         3d7       47%         3
 Vampiric Draining        Necr           0%         2d6       47%         3
 Volatile Blastmotes      Fire/Tloc      0%         2d10      47%         3
 Brom's Barrelling Bould  Conj/Erth      0%         2d3       87%         4
 Flame Wave               Conj/Fire      0%         2d4       87%         4
 Fulminant Prism          Conj/Alch      0%         3d5       87%         4
 Leda's Liquefaction      Alch/Erth      0%         N/A       87%         4
 Martyr's Knell           Necr/Summ      0%         N/A       87%         4
 Petrify                  Alch/Erth      0%         N/A       87%         4
 Summon Lightning Spire   Summ/Air       0%         N/A       87%         4
 Curse of Agony           Necr           0%         N/A       99%         5
 Freezing Cloud           Conj/Ice/Air   0%         6-21      99%         5
 Metabolic Englaciation   Hex/Ice        0%         N/A       99%         5
 Summon Mana Viper        Hex/Summ       0%         N/A       99%         5
 Death Channel            Necr           0%         N/A       100%        6
 Starburst                Conj/Fire      0%         6d3       100%        6
 Summon Cactus Giant      Summ           0%         N/A       100%        6
 Malign Gateway           Summ/Tloc      0%         N/A       100%        7
 Monstrous Menagerie      Summ           0%         N/A       100%        7
 Maxwell's Capacitive Co  Air            0%         ∞         100%        8
 Summon Horrible Things   Summ           0%         N/A       100%        8


Dungeon Overview and Level Annotations

Branches:
Dungeon (13/15)            Temple (1/1) D:6            Lair (4/5) D:11
  Swamp (0/4) Lair:3       Spider (0/4) Lair:2        Slime (0/5) Lair:4
    Orc (0/2) D:9         Ossuary (visited)          Bailey (visited)
  IceCv (visited)
 Vaults: D:13-14

Altars:
Ashenzari
Cheibriados
Dithmenos
Elyvilon
Fedhas
Gozag
Hepliaklqana
Kikubaaqudgha
Makhleb
Nemelex Xobeh
Okawaru
Qazlal
Ru
Sif Muna
Trog
Uskayaw
Vehumet
Wu Jian
Xom
Yredelemnul
Zin
The Shining One
Jiyva

Shops:
D:1 [!(*!   D:2 [(=:*   D:6 [   D:13 *

Annotations:
D:8 3 runed translucent doors, Phlounder's ghost, journeyman DjAE
D:9 3 runed translucent doors, CougarLife's ghost, novice MiFi
D:13 exclusion: ice statue
Lair:4 Rupert


Innate Abilities, Weirdness & Mutations

You have blades for main tentacles.
You are incapable of wielding weapons or throwing items.
You cannot wear most types of armour.
You are amphibious.
You can wear up to eight rings at the same time.
Your skin changes colour to match your surroundings (Stealth+).
Your rubbery body absorbs attacks. (AC +1, EV +1)
((You are camouflaged when in or above water. (Stealth+)))
You have tentacles for arms and can constrict up to eight enemies at once.


Message History

You feel yourself speed up.
You now have 2119 gold pieces (gained 35).
You now have 2133 gold pieces (gained 14).
A bullfrog comes into view.
The bullfrog gives a loud, deep croak!
You hear an angry growl.
You hear a shout!
You hear a bellow!
The bullfrog misses you.
You shred the bullfrog!!!
You kill the bullfrog!
Rupert the Wild comes into view.
He is wielding a +4 great mace of pain.
Press: ? - help, v - describe, . - travel
Here: Rupert, wielding a +4 great mace of pain and wearing a +0 leather armour The floor.
Found a potion of brilliance.
A yak comes into view.
Rupert roars madly and goes into a rage!
Rupert goes berserk!
The black bear attacks as it pursues you!
The black bear closely misses you. The black bear barely misses you.
The black bear completely misses you.
Rupert rages.
You feel very mighty all of a sudden. Rupert misses you.
Rupert hits you with a +4 great mace of pain!!
You writhe in agony.
You shred Rupert!!! You grab Rupert.
Rupert is moderately wounded.
You constrict Rupert.
Rupert hits you with a +4 great mace of pain!!
You writhe in agony.
You slice Rupert!!
Rupert is moderately wounded.
You constrict Rupert. Rupert completely misses you.
You slice Rupert!! You squeeze Rupert!!
Rupert is severely wounded.
You constrict Rupert.
Rupert hits you with a +4 great mace of pain!!!
You die...
Rupert roars with triumph.
Your body crumbles into a pile of gold.

,,,,,,,,,,,,,,,,**,,*.#..........
,,,,,,,,,,,,,,,,***,***#.........
#.....<........#* **# ##........
#.>............## *.## #.........
............$...#*#.!###.........
#.............#.##P...#..........
#............#.##.............##.
*#............##..............###
**#........@###@.............##
*#...$.....#@#.....#........##
##.............##.........#.#
##.............##*#.......##.
##....P..........###.......###
#.....#............#.......###
##...............##..........#
#..............#.#..........#
###...........###.......##..#


You could see Rupert (berserk).

Vanquished Creatures
  Gastronok (D:9)
  2 azure jellies (IceCv)
  A quicksilver ooze (IceCv)
  A hydra (Lair:2)
  2 ice dragons
  A death yak (Lair:1)
  A two-headed ogre (D:10)
  Sonja (D:10)
  2 spriggan druids (Lair:3)
  3 deep elf pyromancers
  A manticore (D:13)
  An orc knight (D:13)
  A cyclops (D:13)
  2 ugly things
  22 elephants
  A black mamba (shapeshifter) (D:13)
  An oklob plant (Lair:3)
  Joseph (D:7)
  A black mamba (Lair:2)
  A torpor snail (Lair:4)
  2 ice statues (IceCv)
  3 gargoyles
  An unseen horror (D:12)
  An efreet (D:13)
  8 cane toads
  Jeremiah (Lair:1)
  6 komodo dragons
  2 trolls
  2 hornets (Lair:3)
  6 polar bears
  10 blink frogs (Lair:3)
  34 slime creatures
  2 culicivoras (Lair:2)
  57 yaks
  3 wraiths
  6 wyverns
  2 vampires
  A steam dragon (D:7)
  5 basilisks
  3 vampire mosquitoes (D:12)
  3 acid dragons
  10 water moccasins
  4 great orb of eyes simulacra (IceCv)
  13 ice beasts
  2 orc warriors
  A sky beast (D:6)
  A black bear (D:5)
  4 ogres
  11 centaurs
  8 wolves
  2 phantoms
  4 slime creature simulacra (IceCv)
  3 kobold brigands
  13 bullfrogs
  A gnoll sergeant (D:13)
  A necrophage (D:5)
  2 glowing shapeshifter simulacra (IceCv)
  2 scorpions
  7 wights
  16 killer bees
  3 howler monkeys
  A bullfrog zombie (D:5)
  8 jellies
  3 orc priests
  A spectral scorpion (D:5)
  Crazy Yiuf (D:2)
  5 hounds
  3 iguanas
  4 sleepcaps
  Terence (D:3)
  Natasha (twice) (D:2)
  7 orc wizards
  A scorpion zombie (D:5)
  2 shapeshifter simulacra (IceCv)
  A bullfrog simulacrum (D:5)
  8 mummies (Ossuary)
  5 gnolls (D:13)
  8 adders
  4 white imps (D:13)
  2 ufetubi (D:6)
  3 dart slugs
  2 ribbon worms
  25 orcs
  8 ball pythons
  24 endoplasms
  2 giant cockroaches
  11 goblins
  9 hobgoblins
  14 jackals
  3 quokkas
  3 bats
  4 frilled lizards
  2 gnoll zombies (Ossuary)
  A hobgoblin zombie (Ossuary)
  20 kobolds
  4 kobold zombies (Ossuary)
  An orc zombie (Ossuary)
  9 rats
525 creatures vanquished.

Notes
Turn   | Place    | Note
-------+----------+-------------------------------------------
     0 | D:1      | timneilson the Octopode Shapeshifter began the quest for
                  | the Orb.
     0 | D:1      | Reached XP level 1. HP: 13/13 MP: 1/1
    20 | D:1      | Found Cek Esti's Distillery.
    47 | D:1      | Found Ogoxoe's Weapon Boutique.
    67 | D:1      | Found Zeqyg's Assorted Antiques.
    68 | D:1      | Got the Omnibus of the Ditch-Digger
   147 | D:1      | Found Hekoptig's Distillery.
   190 | D:1      | Reached XP level 2. HP: 18/18 MP: 2/2
   390 | D:1      | Found Lemmoor's Antique Armour Emporium.
   828 | D:2      | Reached XP level 3. HP: 17/23 MP: 3/3
   883 | D:2      | Found Tecryg's Jewellery Shop.
   903 | D:2      | Found Etaf's Armour Emporium.
   909 | D:2      | Noticed an animated enchanted plate armour
   909 | D:2      | Noticed an animated pearl dragon scales
  1008 | D:2      | Found Vocharchixau's Weapon Shoppe.
  1123 | D:2      | Noticed Natasha
  1129 | D:2      | Killed Natasha
  1130 | D:2      | Reached XP level 4. HP: 18/29 MP: 4/4
  1195 | D:2      | Found Geud's Book Boutique.
  1196 | D:2      | Noticed Natasha
  1202 | D:2      | Killed Natasha
  1418 | D:2      | Found Tobb's General Store.
  1605 | D:2      | Found a sacrificial altar of Ru.
  1693 | D:2      | Found a runed translucent door.
  1694 | D:2      | Noticed Crazy Yiuf
  1817 | D:3      | Reached XP level 5. HP: 35/35 MP: 5/5
  1900 | D:3      | Found a sacrificial altar of Ru.
  2233 | D:3      | Identified the ring of Hugysi {rF- EV+5 Dex+3 Slay+5}
  2237 | D:3      | Noticed Terence
  2241 | D:3      | Killed Terence
  2298 | D:3      | Found a sparkling altar of Nemelex Xobeh.
  2650 | D:4      | Reached XP level 6. HP: 39/41 MP: 6/6
  2741 | D:4      | Found a sand-covered staircase.
  2751 | Ossuary  | Entered an ossuary
  3403 | D:5      | Entered Level 5 of the Dungeon
  3487 | D:5      | Reached XP level 7. HP: 46/46 MP: 7/7
  3568 | D:5      | Reached skill level 5 in Unarmed Combat
  3714 | D:5      | Reached XP level 8. HP: 51/54 MP: 8/8
  3722 | D:5      | Identified the +10 dagger "Mobeipn" {pain, Dex+3}
  3746 | D:5      | Reached skill level 5 in Shapeshifting
  3857 | D:5      | Reached skill level 5 in Dodging
  4320 | D:5      | Noticed a yak
  4320 | D:5      | Noticed a yak
  4335 | D:5      | Noticed a yak
  4335 | D:5      | Noticed a yak
  4384 | D:6      | Reached skill level 1 in Evocations
  4429 | D:6      | Found a staircase to the Ecumenical Temple.
  4454 | Temple   | Entered the Ecumenical Temple
  4480 | D:6      | Reached skill level 5 in Fighting
  4490 | D:6      | Found a snail-covered altar of Cheibriados.
  4641 | D:6      | Found Rel Ryim's Antique Armour Shop.
  4767 | D:6      | Reached XP level 9. HP: 49/61 MP: 9/9
  5139 | D:7      | Found a flagged portal.
  5151 | Bailey   | Entered a bailey
  5269 | Bailey   | Noticed a two-headed ogre
  5294 | D:7      | Found a broken altar of Ashenzari.
  5475 | D:7      | Identified the +8 glaive of Armageddon {drain, ^Contam
                  | rPois rC++ rCorr}
  5726 | D:7      | Found a basalt altar of Yredelemnul.
  5755 | D:7      | Found a bloodstained altar of Trog.
  5816 | D:7      | Noticed Joseph
  5824 | D:7      | Killed Joseph
  6287 | D:5      | Reached XP level 10. HP: 52/69 MP: 10/10
  6762 | D:8      | Found a runed translucent gate.
  6766 | D:8      | Found a runed translucent gate.
  6766 | D:8      | Found a runed translucent gate.
  6767 | D:8      | Noticed Phlounder's ghost (journeyman DjAE)
  6861 | D:8      | Noticed a white ugly thing
  6873 | D:8      | Noticed a rust devil
  6874 | D:8      | Noticed a rust devil
  7036 | D:8      | Killed a white ugly thing
  7037 | D:8      | Reached skill level 5 in Evocations
  7588 | D:8      | Found a viscous altar of Jiyva.
  7656 | D:9      | Found an opulent altar of Gozag.
  7664 | D:9      | Became a worshipper of Gozag Ym Sagoz the Greedy
  7850 | D:9      | Identified the +1 robe of Happy Babbling {rElec MP+9 Int+2}
  7968 | D:9      | Found a runed translucent gate.
  7968 | D:9      | Found a runed translucent gate.
  7969 | D:9      | Found a runed translucent gate.
  8101 | D:9      | Noticed Gastronok
  8117 | D:9      | Killed Gastronok
  8118 | D:9      | Reached XP level 11. HP: 70/76 MP: 11/11
  8236 | D:9      | Reached skill level 1 in Stealth
  8424 | D:9      | Found a stormy altar of Qazlal.
  8579 | D:9      | Found a staircase to the Orcish Mines.
  8720 | D:9      | Identified the +4 ring mail of Ivviewel {^Drain rN++ Int+4}
  8911 | D:9      | Noticed CougarLife's ghost (novice MiFi)
  8943 | D:10     | Entered Level 10 of the Dungeon
  9186 | D:10     | Noticed a two-headed ogre
  9196 | D:10     | Killed a two-headed ogre
  9546 | D:10     | Noticed Sonja
  9575 | D:10     | Killed Sonja
 10243 | D:11     | Noticed a brown ugly thing
 10254 | D:11     | Killed a cyan ugly thing
 10255 | D:11     | Reached XP level 12. HP: 84/84 MP: 12/12
 10315 | D:11     | Found a staircase to the Lair.
 11046 | D:2      | Bought an amulet of reflection for 390 gold pieces
 11046 | D:2      | Bought the ring of Ylliumae {rF+ Str+4 Int+3} for 607 gold
                  | pieces
 11101 | D:2      | Bought a scroll of identify for 26 gold pieces
 12022 | D:12     | Identified the +7 rapier of the Dark Horse {elec, Stlth+}
 12218 | D:13     | Noticed an ice dragon
 12272 | D:13     | Reached skill level 5 in Stealth
 12302 | D:13     | Killed an ice dragon
 12303 | D:13     | Reached skill level 10 in Unarmed Combat
 12994 | D:13     | Found Fuoli's Assorted Antiques.
 13016 | D:13     | Reached skill level 10 in Dodging
 13022 | D:13     | Bought a grey potion for 27 gold pieces
 13022 | D:13     | Bought a scroll of identify for 62 gold pieces
 13234 | D:13     | Reached skill level 10 in Fighting
 13462 | D:13     | Reached XP level 13. HP: 84/92 MP: 13/13
 13941 | Lair:1   | Entered Level 1 of the Lair of Beasts
 14152 | D:2      | Bought the ring of the Greedy {rPois MP+9 Int+6} for 859
                  | gold pieces
 14518 | Lair:1   | Reached skill level 10 in Shapeshifting
 14975 | Lair:1   | Noticed Jeremiah
 14992 | Lair:1   | Killed Jeremiah
 15576 | Lair:2   | Got the Volume of Graupel and Gloom
 16055 | Lair:2   | Found a hole to the Spider Nest.
 16087 | Lair:2   | Identified the +4 ring mail "Bulytem" {rPois rF++ Str+2
                  | Dex-4}
 16347 | Lair:2   | Reached XP level 14. HP: 77/101 MP: 14/14
 17129 | D:2      | Bought a ring of protection from cold for 325 gold pieces
 17275 | D:2      | Killed Crazy Yiuf
 18190 | Lair:3   | Found a stormy altar of Qazlal.
 18929 | Lair:3   | Found a staircase to the Swamp.
 19133 | Lair:4   | Found a frozen archway.
 19294 | IceCv    | Entered an ice cave
 19323 | IceCv    | Noticed a quicksilver ooze
 19330 | IceCv    | Killed a quicksilver ooze
 19714 | IceCv    | Found a viscous altar of Jiyva.
 19714 | IceCv    | Noticed an azure jelly
 19723 | IceCv    | Noticed an azure jelly
 19738 | IceCv    | Killed an azure jelly
 19739 | IceCv    | Killed an azure jelly
 19976 | IceCv    | Identified the ring "Qunadauz" {+Blink Str+6}
 20275 | IceCv    | Got the ring "Japlun" {rC+ Str+2}
 20277 | IceCv    | Got the ring "Unuosm" {Ice rPois Int+3 Stlth-}
 20496 | Lair:4   | Noticed Rupert
 20508 | Lair:4   | Slain by Rupert

Illustrated notes

Levels and vault maps discovered:
D:1:      minmay_arrival_nine_rooms, layout_basic, serial_shops,
          nicolae_shop_waterfront, shop, nicolae_shop_just_a_little_nook,
          shop_fountains, nicolae_shop_trees
D:2:      kennysheep_big_flooded_room, layout_loops_ring, basic_altar,
          serial_shops, nicolae_shop_bloodbath_and_beyond,
          nicolae_shop_window_shopping, nicolae_shop_mannequins, shop,
          nicolae_shop_getting_attention, wander_ebering_terrifying_dragon_lair,
          uniq_crazy_yiuf_cottage, uniq_natasha
D:3:      layout_loops_ring, mainiacjoe_overflow_paths,
          nicolae_ru_great_annihilating_truth, uniq_terence
D:4:      layout_cave_pools, chequers_ossuary_entry_cave
D:5:      layout_loops_ring, dilly_guarded_unrand_morg
D:6:      layout_basic, slow_altar_1, minmay_temple_entry_stoned_glass,
          serial_shops, shop
D:7:      layout_loops_cross, amcnicky_altar_gilded,
          mainiacjoe_overflow_alcove_4, mainiacjoe_overflow_alcove_2,
          enter_bailey_3, uniq_joseph
D:8:      cheibrodos_iron_armory, layout_loops_cross, gammafunk_ghost_ooze,
          roderic_roman_lattice, kennysheep_generic_room_3
D:9:      layout_stronghold, lemuel_coloured_pillars_altar,
          nicolae_gozag_cash_rules_everything_around_me, orc_0_dummy,
          gammafunk_ghost_spectres, uniq_gastronok
D:10:     layout_basic, hangedman_decor_clover_reticule, uniq_sonja
D:11:     layout_roguey, lair_entry_dummy
D:12:     layout_roguey
D:13:     layout_loops_corners, serial_shops, shop, ice2_lemuel
Temple:   dpeg_chambers_temple
Lair:1:   layout_regular_city, beast_lair_carwin_9, grunt_megastairs_5,
          uniq_jeremiah
Lair:2:   layout_regular_city, hellmonk_spider_entry_life_and_decay
Lair:3:   lemuel_slime, layout_chaotic_city, mainiacjoe_swamp_entry_angry_trees,
          basic_altar, chequers_serial_rivers_small_3, grunt_megastairs_2,
          serial_bayou_shore_a
Lair:4:   layout_cave_shapes, minmay_slime_entry_jelly_boxes,
          portal_ice_cave_entry_animals_and_master, uniq_rupert

Skill      XL: |  1  2  3  4  5  6  7  8  9 10 11 12 13 14 |
---------------+-------------------------------------------+-----
Fighting       | 2 3 4 5 6 7 8 10 11 | 11.9
Dodging        | 3 4 5 6 7 9 10 11 12 | 12.1
Unarmed Combat | 4 5 6 7 8 9 10 11 12 | 12.2
Shapeshifting  | 4 5 6 7 8 9 10 11 | 11.4
Evocations     | 2 4 6 7 8 9 |  9.6
Stealth        | 3 6 7 9 |  9.1

Action                     |  1- 3 |  4- 6 |  7- 9 | 10-12 | 13-15 || total
---------------------------+-------+-------+-------+-------+-------++-------
  Melee: Unarmed           |    55 |   154 |   148 |   525 |   459 ||  1341
         Constrict         |    16 |    46 |    26 |    65 |    50 ||   203
         Tentacles         |     9 |    28 |    40 |   198 |   128 ||   403
         Punch             |     2 |     5 |     5 |     6 |    47 ||    65
  Evoke: Wand              |       |       |    10 |     4 |     6 ||    20
    Use: Scroll            |     3 |     3 |     6 |    10 |     4 ||    26
         Potion            |       |       |     1 |     2 |     3 ||     6
   Stab: Sleeping          |     2 |    21 |     6 |     7 |    26 ||    62
         Paralysed         |       |     1 |       |       |       ||     1
         Distracted        |       |     1 |       |     2 |     5 ||     8
 Armour: Skin              |    19 |    28 |    38 |   117 |   101 ||   303
  Dodge: Dodged            |    33 |    83 |    95 |   436 |   307 ||   954
  Block: Other             |       |       |       |    39 |    60 ||    99
         Reflection        |       |       |       |     2 |       ||     2
   Form: Flux              |       |       |       |     1 |       ||     1
         Blade             |       |       |       |       |     1 ||     1

Table legend: (Time is in decaauts)
 A = Elapsed time spent in this place.
 B = Non-inter-level travel time spent in this place.
 C = Inter-level travel time spent in this place.
 D = Time resting spent in this place.
 E = Time spent auto-exploring this place.
 F = Levels seen in this place.
 G = Mean time per level.
                   A        B        C        D        E       F      G
               +--------+--------+--------+--------+--------+-----+--------+
         Total |  20327 |  18024 |   2303 |   2684 |   9060 |  21 |  968.0 |
       Dungeon |  14639 |  12507 |   2132 |   1322 |   6920 |  13 | 1126.1 |
        Temple |      1 |      1 |      0 |      0 |      0 |   1 |    1.0 |
          Lair |   4229 |   4059 |    170 |    852 |   1922 |   4 | 1057.2 |
       Ossuary |    238 |    238 |      0 |      0 |     78 |   1 |  238.0 |
        Bailey |    136 |    136 |      0 |     53 |      0 |   1 |  136.0 |
      Ice Cave |   1081 |   1081 |      0 |    457 |    140 |   1 | 1081.0 |
               +--------+--------+--------+--------+--------+-----+--------+

Top non-repeatable levels by time:
    D:13: 1707 daAuts
     D:9: 1669 daAuts
     D:2: 1459 daAuts
     D:7: 1423 daAuts
  Lair:2: 1360 daAuts
  Lair:3: 1342 daAuts
  Lair:1: 1208 daAuts
     D:5: 1137 daAuts
   IceCv: 1081 daAuts
     D:8: 1078 daAuts
    D:10: 1050 daAuts
     D:3: 1017 daAuts
    D:11: 950 daAuts
     D:6: 857 daAuts
     D:1: 834 daAuts
